AoeStats
← TheRattlesnake

Nomad

507579876Analyzed
3v3 RM · 13d ago on Sep 18, 2026· 58m 25s· 6 players
Game mode
Random Map
Map size
210×210
Population
200
Speed
Normal
Resources
Standard
Victory
Conquest
Starting age
Dark Age
Ending age
Imperial Age
RankedLock teamsTeams togetherTeam positionsShared explorationLock speedFull tech treeHidden civsTurbo modeCheats
Victory
Defeat
🇬🇧 Malay · United Kingdom
1182
+13
🇬🇷 Turks · Greece
1179
+13
🇬🇷 Byzantines · Greece
1173
+14
🇪🇸 Bulgarians · Spain
1171
-14
🇨🇭 Vikings · Switzerland
1125
-14
🇨🇴 Persians · Colombia
1078
-12
Lecter-
2:56 Loom
14:46 Feudal Age
15:28 Fishing Lines
16:12 Double-Bit Axe
16:19 Stone Mining
16:49 Gold Mining
20:47 Castle Age
19:08 Forging
18:58 Scale Mail Armor
19:34 Man-at-Arms
21:13 Arson
22:30 Chain Mail Armor
21:38 Long Swordsman
22:19 Squires
22:56 Gillnets
24:36 Gambesons
31:22 Gold Shaft Mining
31:03 Bow Saw
30:45 Horse Collar
32:00 Iron Casting
36:58 Imperial Age
34:32 Chieftains
37:10 Two-Handed Swordsman
38:11 Conscription
38:25 Plate Mail Armor
38:56 Blast Furnace
39:23 Two-Man Saw
38:34 Champion
39:16 Capped Ram
51:32 Siege Ram
55:02 Pikeman
Bolea99
4:16 Loom
16:10 Feudal Age
18:54 Fletching
20:05 Fishing Lines
21:38 Wheelbarrow
24:29 Castle Age
hmora
6:44 Loom
12:52 Feudal Age
18:08 Castle Age
16:49 Scale Barding Armor
17:22 Double-Bit Axe
38:41 Elite Skirmisher
TheSalamander
5:19 Loom
13:22 Feudal Age
18:44 Castle Age
17:04 Fishing Lines
17:56 Scale Barding Armor
18:01 Forging
18:07 Double-Bit Axe
20:31 Forging
23:52 Wheelbarrow
23:16 Gillnets
25:07 Bloodlines
26:40 Medium Warships
28:05 Stone Mining
28:57 Bow Saw
29:54 Husbandry
30:06 Town Watch
30:26 Horse Collar
32:57 Iron Casting
33:56 Fletching
34:27 Chain Barding Armor
38:52 Gold Mining
40:36 Heavy Plow
43:04 Padded Archer Armor
46:03 Imperial Age
44:30 Leather Archer Armor
46:20 Elite Janissary
49:42 Conscription
51:56 Ring Archer Armor
56:06 Gold Shaft Mining
TheMamba
13:12 Feudal Age
16:09 Double-Bit Axe
17:47 Fletching
20:39 Castle Age
20:43 Bodkin Arrow
23:08 Horse Collar
23:34 Loom
24:29 Stone Mining
24:34 Gold Mining
24:59 Crossbowman
27:09 Fishing Lines
29:14 Padded Archer Armor
30:05 Thumb Ring
31:03 Wheelbarrow
30:14 Town Watch
34:22 Hand Cart
36:41 Imperial Age
36:12 Bracer
36:48 Heavy Plow
36:59 Bow Saw
38:40 Conscription
39:56 Leather Archer Armor
40:14 Arbalester
41:51 Ballistics
41:42 Masonry
43:44 Hand Cart
44:50 Chemistry
47:19 Masonry
TheRattlesnake
12:15 Loom
14:23 Feudal Age
14:53 Double-Bit Axe
20:20 Castle Age
20:53 Fletching
21:05 Padded Archer Armor
21:19 Bow Saw
20:52 Horse Collar
21:44 Medium Warships
21:16 Crossbowman
22:12 Heavy Plow
24:46 Bodkin Arrow
25:22 Pikeman
27:10 Scale Mail Armor
28:23 Squires
29:27 Wheelbarrow
31:27 Ballistics
36:03 Imperial Age
33:49 Hand Cart
35:48 Greek Fire
37:46 Chemistry
37:03 Thumb Ring
37:00 Bracer
37:10 Gold Mining
37:10 Stone Mining
37:17 Stone Mining
38:08 Scale Barding Armor
38:15 Forging
38:22 Chain Mail Armor
38:23 Leather Archer Armor
39:26 Conscription
40:13 Chain Barding Armor
40:29 Iron Casting
40:42 Arbalester
43:49 Plate Barding Armor
46:00 Logistica
50:35 Elite Cataphract
56:29 Husbandry
Connection lost

Rejoining the realm…

Still unreachable

The connection could not be restored.

Session expired

The server has moved on; the page needs a fresh start.